[Event "Team 45 45 League T28"]
[Site "Internet Chess Club"]
[Date "2005.10.14"]
[Round "4"]
[White "forketta"]
[Black "Blunderov"]
[Result "1/2-1/2"]
[WhiteElo "1897"]
[BlackElo "1966"]
[TimeControl "2700+45"]

1. d4 Nf6 2. c4 e6 3. Nc3 Bb4 4. Qc2 c5 5. dxc5 Bxc5 6. Nf3 d5 7. cxd5 Nxd5 8.
Nxd5 Qxd5 9. Bd2 O-O 10. Rc1 Nd7 11. e4 Qd6 12. Bb5 Bxf2+ 13. Kxf2 Qb6+ 14. Be3
Qxb5 15. Rhd1 Nf6 16. Kg1 Bd7 17. e5 Nd5 18. Ng5 g6 19. Bc5 Rfc8 20. Qf2 Be8 21.
Rf1 Rc7 22. Nxe6 Rd7 23. Nd4 Qd3 24. Rcd1 Qe3 25. Bd6 Qxf2+ 26. Rxf2 Ne3 27. Rc1
Nd5 28. Rfc2 Rdd8 29. Nf3 Bc6 30. Ng5 h6 31. Ne4 Ne3 32. Nf6+ Kg7 33. Rd2 Nf5
34. Rcd1 Nxd6 35. Rxd6 Rxd6 36. Rxd6 Rc8 {Game drawn by mutual agreement}
1/2-1/2

[Event "Team 45 45 League T28"]
[Site "Internet Chess Club"]
[Date "2005.10.09"]
[Round "4"]
[White "DocHoliday"]
[Black "crapalot"]
[Result "0-1"]
[WhiteElo "1765"]
[BlackElo "1923"]
[TimeControl "2700+45"]

1. e4 e6 2. d4 d5 3. exd5 exd5 4. Bd3 Nf6 5. Ne2 Bb4+ 6. c3 Ba5 7. a4 c6 8. Bg5
O-O 9. Ng3 Qe8+ 10. Qe2 Qxe2+ 11. Nxe2 Nbd7 12. O-O Bc7 13. Nd2 h6 14. Bf4 Bxf4
15. Nxf4 c5 16. Nf3 c4 17. Bc2 b6 18. Rfe1 Bb7 19. Ne5 Rfe8 20. Nxd7 Nxd7 21. f3
Nf6 22. Kf2 Rxe1 23. Rxe1 Kf8 24. h4 Re8 25. Rxe8+ Kxe8 26. g3 Ke7 27. Ke3 a5
28. b3 Bc6 29. g4 cxb3 30. Bxb3 Kd6 31. Nd3 b5 32. axb5 Bxb5 33. Ne5 a4 34. Ba2
Be8 35. c4 dxc4 36. Bxc4 Nd5+ 37. Kd3 f6 38. Ke4 fxe5 39. dxe5+ Kc5 40. Bxd5
Bg6+ 41. Ke3 Kxd5 {White resigns} 0-1

[Event "Team 45 45 League T28"]
[Site "Internet Chess Club"]
[Date "2005.10.07"]
[Round "4"]
[White "Mikey29a"]
[Black "Chessnut"]
[Result "0-1"]
[WhiteElo "1618"]
[BlackElo "1757"]
[TimeControl "2700+45"]

1. e4 e5 2. Nf3 Nc6 3. Bb5 a6 4. Ba4 Nf6 5. O-O Be7 6. Re1 b5 7. Bb3 O-O 8. d3
d6 9. h3 Na5 10. Nc3 Nxb3 11. axb3 Bb7 12. Ne2 Ne8 13. Ng3 Bc8 14. c4 b4 15. Be3
c5 16. Qd2 f5 17. exf5 Bxf5 18. Ne4 a5 19. Bg5 Nc7 20. Bxe7 Qxe7 21. Ng3 Bg6 22.
Re2 h6 23. Rae1 Qf6 24. Ne4 Qd8 25. Ra1 Bh5 26. Qe3 Bxf3 27. gxf3 Ne6 28. Kh2
Nf4 29. Rg1 Nxe2 30. Rg4 Nf4 {White resigns} 0-1

[Event "Team 45 45 League T28"]
[Site "Internet Chess Club"]
[Date "2005.10.09"]
[Round "4"]
[White "RingLord"]
[Black "Lyko"]
[Result "1/2-1/2"]
[WhiteElo "1605"]
[BlackElo "1477"]
[TimeControl "2700+45"]

1. e4 e6 2. d4 d5 3. e5 c5 4. c3 a6 5. a4 Nc6 6. Bd2 Qb6 7. b4 cxd4 8. a5 Qc7 9.
cxd4 Bxb4 10. Bxb4 Nxb4 11. Qa4+ Nc6 12. Nf3 Bd7 13. Qa3 Nge7 14. Nbd2 O-O 15.
Nb3 Nf5 16. Bd3 Rfc8 17. O-O Na7 18. Nc5 Bb5 19. Rfd1 Bxd3 20. Qxd3 Nxd4 21.
Qxd4 Qxc5 22. Qh4 h6 23. h3 Qc4 24. Qe7 Re8 25. Qxb7 Nb5 26. Rac1 Nc3 27. Kh1
Rab8 28. Qa7 Rb3 29. Nd2 Qe2 30. Nxb3 Nxd1 31. Qd4 Nxf2+ 32. Kg1 Nd3 33. Rf1 Qe4
34. Qb6 Nf4 35. Qf2 Ne2+ 36. Kh1 Rf8 37. Nc5 Qxe5 38. Re1 Ng3+ 39. Kg1 Ne4 40.
Nxe4 dxe4 41. Qb6 Qb5 42. Rxe4 Qxb6+ 43. axb6 Rb8 44. Rb4 Kf8 45. Kf2 Ke7 46.
Ke3 Kd6 47. Kd4 Kc6 48. Rc4+ Kxb6 49. Rb4+ Kc7 50. Rc4+ Kd7 51. Ra4 Rb2 52. Rxa6
Rxg2 53. Ra7+ Ke8 54. Ra3 Re2 55. Kd3 Re1 56. Kd2 Rh1 57. Ke2 f5 58. Kf2 e5 59.
Kg2 Re1 60. Ra5 f4 61. Kf2 Re3 62. h4 e4 63. Rf5 Rf3+ 64. Ke2 g6 65. Re5+ Kf7
66. Rxe4 Re3+ 67. Rxe3 fxe3 68. Kxe3 Kf6 69. Kf4 g5+ 70. Kg4 gxh4 71. Kxh4 Kg6
72. Kh3 Kh5 73. Kh2 Kh4 74. Kh1 Kh3 75. Kg1 h5 76. Kh1 h4 77. Kg1 Kg3 78. Kh1 h3
79. Kg1 h2+ 80. Kh1 Kh3 {White stalemated} 1/2-1/2

[Event "Team 45 45 League T28"]
[Site "Internet Chess Club"]
[Date "2005.10.06"]
[Round "4"]
[White "alastorx"]
[Black "fledermaus"]
[Result "0-1"]
[WhiteElo "1774"]
[BlackElo "1995"]
[TimeControl "2700+45"]

1. d4 Nf6 2. Nc3 d5 3. Bg5 Nbd7 4. f3 c6 5. Qd2 Qa5 6. e4 dxe4 7. fxe4 e5 8.
Bxf6 Nxf6 9. dxe5 Ng4 10. Nf3 Bb4 11. Bc4 O-O 12. h3 Nxe5 13. Nxe5 Qxe5 14.
O-O-O b5 15. Bd3 Be6 16. a3 Be7 17. Qf2 Bxa3 18. bxa3 Qxc3 19. e5 Qa1+ 20. Kd2
Qxe5 21. Rde1 Qg5+ 22. Re3 Bd5 23. h4 Qxg2 24. Qxg2 Bxg2 25. Rg1 Bd5 26. Reg3 g6
27. h5 Rfd8 28. hxg6 fxg6 29. Kc3 Rd6 30. Kd4 Rf8 31. Kc5 Re6 {White resigns}
0-1

[Event "Team 45 45 League T28"]
[Site "Internet Chess Club"]
[Date "2005.10.09"]
[Round "4"]
[White "bmw2002"]
[Black "NFK"]
[Result "1-0"]
[WhiteElo "1628"]
[BlackElo "1722"]
[TimeControl "2700+45"]

1. c4 e5 2. Nc3 d6 3. g3 f5 4. Bg2 Nf6 5. e4 Nc6 6. d3 Be7 7. Nge2 O-O 8. O-O f4
9. gxf4 Bg4 10. f3 Bh5 11. f5 h6 12. Qe1 Nh7 13. Be3 Nb4 14. Qd2 Bg5 15. a3
Bxe3+ 16. Qxe3 Nc2 17. Qf2 Nxa1 18. Rxa1 Qg5 19. f4 exf4 20. Nxf4 Rae8 21. Nxh5
Qxh5 22. Nd5 c6 23. Nf4 Qg4 24. h3 Qg5 25. Kh2 Rf6 26. h4 {Black resigns} 1-0  


emcutting(340): now football, isa plan scientikfic

[Event "Team 45 45 League T28"]
[Site "Internet Chess Club"]
[Date "2005.10.09"]
[Round "4"]
[White "garethn"]
[Black "nminwalla"]
[Result "0-1"]
[WhiteElo "1734"]
[BlackElo "1999"]
[TimeControl "2700+45"]

1. e4 c5 2. Nf3 d6 3. d4 cxd4 4. Nxd4 Nf6 5. Nc3 a6 6. Bg5 e6 7. f4 Be7 8. Qf3
Qc7 9. O-O-O Nbd7 10. g4 b5 11. Bxf6 Nxf6 12. g5 Nd7 13. Bg2 b4 14. Nce2 Bb7 15.
Qf2 Nc5 16. Ng3 O-O 17. f5 Bxg5+ 18. Kb1 Bf6 19. Nh5 Be5 20. Rdg1 Nxe4 21. Bxe4
Bxe4 22. Rxg7+ Bxg7 23. Qg3 f6 24. Nxe6 Qxc2+ 25. Ka1 Rf7 26. Rg1 Rc8 27. Nxf6+
Kh8 {White resigns} 0-1      **ANNOUNCEMENT** from ROBOadmin: "help event2" for
a list of all the upcoming events on the Internet Chess Club!

[Event "Team 45 45 League T28"]
[Site "Internet Chess Club"]
[Date "2005.10.09"]
[Round "4"]
[White "kabindra"]
[Black "TheBrewer"]
[Result "1-0"]
[WhiteElo "1824"]
[BlackElo "1569"]
[TimeControl "2700+45"]

1. e4 e6 2. d4 d5 3. Nc3 dxe4 4. Nxe4 Bd7 5. Nf3 Bc6 6. Bd3 Nd7 7. c3 Ngf6 8.
Nxf6+ Nxf6 9. Bg5 Be7 10. Bc2 Be4 11. Bxf6 Bxc2 12. Bxe7 Qxe7 13. Qxc2 O-O 14.
h4 h6 15. O-O-O f5 16. Ne5 f4 17. Ng6 {Black resigns} 1-0  haduken(71): q pasa
topalov esta jugando 


rgadoury(345): s the problem?

[Event "Team 45 45 League T28"]
[Site "Internet Chess Club"]
[Date "2005.10.06"]
[Round "4"]
[White "boozehound"]
[Black "jongalt97"]
[Result "0-1"]
[WhiteElo "1530"]
[BlackElo "1674"]
[TimeControl "2700+45"]

1. e4 e6 2. d4 d5 3. exd5 exd5 4. Nf3 Bg4 5. Be2 Bd6 6. O-O Nc6 7. Be3 Nge7 8.
Ng5 Bxe2 9. Qxe2 O-O 10. Qh5 h6 11. Nf3 g6 12. Qxh6 Nf5 13. Qh3 Kg7 14. Qg4 Nxe3
15. fxe3 Qe7 16. Re1 f5 17. Qg5 Qxg5 18. Nxg5 Rae8 19. g3 Nxd4 20. exd4 Rxe1+
21. Kf2 Rfe8 22. c3 R8e2+ 23. Kf3 Rxb2 {White resigns} 0-1

[Event "Team 45 45 League T28"]
[Site "Internet Chess Club"]
[Date "2005.10.10"]
[Round "4"]
[White "Gardener"]
[Black "wojozim"]
[Result "0-1"]
[WhiteElo "1624"]
[BlackElo "1531"]
[TimeControl "2700+45"]

1. d4 Nf6 2. Nf3 d6 3. e3 Bf5 4. c3 Nbd7 5. Nbd2 e5 6. Nh4 Be6 7. Nhf3 Be7 8.
Bd3 c5 9. dxe5 dxe5 10. Qc2 O-O 11. Ng5 Bd5 12. Bxh7+ Kh8 13. Be4 Bxe4 14. Ngxe4
Nh7 15. O-O f5 16. Ng3 e4 17. b3 Rf6 18. Bb2 Qf8 19. Nh5 Rh6 20. Nf4 Ne5 21. c4
Bf6 22. f3 Qd6 23. fxe4 Ng4 24. Bxf6 Nhxf6 25. Rf3 Rxh2 26. Rh3+ Rxh3 27. gxh3
Nxe3 28. Ng6+ Kh7 29. Qc3 Qg3+ {White resigns} 0-1

[Event "Team 45 45 League T28"]
[Site "Internet Chess Club"]
[Date "2005.10.10"]
[Round "4"]
[White "MSStateBulldog"]
[Black "iwulu"]
[Result "0-1"]
[WhiteElo "2370"]
[BlackElo "2288"]
[TimeControl "2700+45"]

1. e4 e6 2. d4 d5 3. Nd2 Nf6 4. e5 Nfd7 5. Bd3 c5 6. c3 Nc6 7. Ne2 Qb6 8. Nf3
cxd4 9. cxd4 f6 10. exf6 Nxf6 11. O-O Bd6 12. b3 Qc7 13. Bg5 O-O 14. Rc1 Qf7 15.
Ng3 Bd7 16. Re1 Nh5 17. Be3 h6 18. Bb1 Nf4 19. Rxc6 bxc6 20. Qc2 g5 21. Ne5 Bxe5
22. dxe5 h5 23. h4 gxh4 24. Bxf4 hxg3 25. Re3 gxf2+ 26. Kf1 c5 27. a4 Bc8 28.
Rf3 Ba6+ 29. Kxf2 Qg7 30. Qxc5 Rxf4 31. Rxf4 Qxe5 32. Rf3 h4 33. Qc2 Qd4+ 34.
Ke1 Qg1+ 35. Kd2 Qxg2+ 36. Ke3 d4+ 37. Kxd4 Rd8+ 38. Ke3 Rd3+ 39. Qxd3 Bxd3 40.
Bxd3 h3 41. Be4 Qg1+ 42. Kf4 h2 43. Rg3+ Kf8 44. Rh3 Ke7 45. Ke5 Qc5+ 46. Kf4
Qf2+ 47. Bf3 Kd6 48. Rh5 a5 49. Kg4 e5 50. Rh6+ Kc5 51. Rh5 Kd4 52. Rh4 e4
{White resigns} 0-1

[Event "Team 45 45 League T28"]
[Site "Internet Chess Club"]
[Date "2005.10.09"]
[Round "4"]
[White "SkinnyPuppy"]
[Black "onslaught"]
[Result "1/2-1/2"]
[WhiteElo "2184"]
[BlackElo "2200"]
[TimeControl "2700+45"]

1. e4 e5 2. Bc4 Nf6 3. Nc3 Bc5 4. d3 d6 5. f4 Be6 6. Bxe6 fxe6 7. Na4 Bxg1 8.
Rxg1 exf4 9. Bxf4 Nc6 10. Nc3 Qd7 11. Bg5 O-O-O 12. d4 Rdf8 13. Be3 Qf7 14. h3
Qg6 15. e5 dxe5 16. dxe5 Qg3+ 17. Bf2 Qxe5+ 18. Qe2 Nd5 19. Qxe5 Nxe5 20. Bd4
Rf5 21. O-O-O Nc6 22. Bxg7 Rg8 23. g4 Rf3 24. Nxd5 Rxg7 25. Nc3 Rxh3 26. Rde1
Nd4 27. Re4 c5 28. Ne2 Nxe2+ 29. Rxe2 Kd7 30. Re5 b6 31. g5 Rh5 32. Rf1 Ke7 33.
Rf6 Rhxg5 34. Rexe6+ Kd7 35. Rd6+ Kc7 36. Rc6+ Kb7 37. Rcd6 R5g6 38. b3 Rxf6 39.
Rxf6 Rd7 40. a4 Ka6 41. Kb2 Ka5 42. Ka3 a6 43. c3 Rd3 44. Kb2 Rh3 45. Rc6 h5 46.
Rh6 h4 47. Rh5 Rh1 48. Ka3 Ra1+ {Game drawn by mutual agreement} 1/2-1/2

[Event "Team 45 45 League T28"]
[Site "Internet Chess Club"]
[Date "2005.10.08"]
[Round "4"]
[White "kikian"]
[Black "searchforbobby1"]
[Result "0-1"]
[WhiteElo "2030"]
[BlackElo "2094"]
[TimeControl "2700+45"]

1. e4 c5 2. Nf3 Nc6 3. d4 cxd4 4. Nxd4 Nf6 5. Nc3 e5 6. Ndb5 d6 7. Bg5 a6 8. Na3
Be6 9. Nd5 Bxd5 10. exd5 Qa5+ 11. c3 Qxd5 12. Bxf6 Qxd1+ 13. Rxd1 gxf6 14. Be2
f5 15. Nc4 Rd8 16. Nb6 Bg7 17. O-O O-O 18. Bc4 Rfe8 19. f3 Bh6 20. Rfe1 Bg5 21.
Bd3 Ne7 22. g3 Bf6 23. Bc2 d5 24. Ba4 Rf8 25. Nd7 Rxd7 26. Bxd7 b5 27. g4 f4 28.
g5 Bg7 29. h4 Rd8 30. Bg4 f5 31. gxf6 Bxf6 32. h5 Kg7 33. Re2 Nc6 34. h6+ Kxh6
35. Rh2+ Kg7 36. Kh1 h6 37. Be6 Ne7 38. Rg2+ Bg5 39. Rdg1 Kf6 40. Bg4 e4 41. Re2
Ke5 42. Rd1 Rg8 43. a4 Bh4 44. axb5 Rxg4 45. fxg4 axb5 46. Rh2 Bg5 47. Kg2 f3+
48. Kf1 Kf4 49. Rhd2 Kg3 50. Rxd5 Nxd5 51. Rxd5 e3 52. Re5 e2+ 53. Rxe2 fxe2+
54. Kxe2 Kxg4 {White resigns} 0-1

[Event "Team 45 45 League T28"]
[Site "Internet Chess Club"]
[Date "2005.10.08"]
[Round "4"]
[White "AMAV"]
[Black "fledermaus"]
[Result "0-1"]
[WhiteElo "2061"]
[BlackElo "2040"]
[TimeControl "2700+45"]

1. e4 c6 2. d4 d5 3. e5 Bf5 4. Nf3 e6 5. Be2 c5 6. c3 Nc6 7. O-O Bg4 8. Nbd2
cxd4 9. cxd4 Nge7 10. h3 Bxf3 11. Nxf3 Nf5 12. b3 Qb6 13. Bb2 Be7 14. Bd3 g6 15.
Qd2 O-O-O 16. Rac1 Kb8 17. Bb1 h5 18. Rfd1 Rc8 19. Qd3 Rc7 20. a3 Rhc8 21. b4
Bf8 22. Rc3 Nce7 23. Rdc1 Rxc3 24. Rxc3 Rxc3 25. Qxc3 Qc6 26. Ng5 Qe8 27. g4
hxg4 28. hxg4 Nh6 29. Qf3 Nc8 30. Nh7 Be7 31. Bc1 Ng8 32. Bg5 Nb6 33. Bd3 a6 34.
Qf4 Bxg5 35. Nxg5 Nh6 36. f3 Qa4 37. Nxf7 Nxf7 38. Qxf7 Qd1+ 39. Bf1 Qxd4+ 40.
Kg2 Qxe5 41. Qxg6 Nc4 42. Qh6 Ne3+ 43. Kf2 Nd1+ 44. Kg2 Ne3+ 45. Kf2 Nd1+ 46.
Kg1 Qg3+ 47. Bg2 Qf2+ 48. Kh1 Ne3 49. Qh3 Ka7 50. f4 Qxf4 51. Qf3 Qh6+ 52. Kg1
Nxg2 53. Kxg2 d4 54. Kf2 Qd2+ 55. Qe2 Qf4+ 56. Qf3 Qh2+ 57. Ke1 e5 58. Qe4 Kb8
59. Qf5 Qg1+ 60. Ke2 Qe3+ 61. Kf1 d3 62. Qf8+ Kc7 63. Qe7+ Kc6 64. Qe6+ Kb5 65.
Qb3 Qc1+ 66. Kf2 Qc2+ {White resigns} 0-1

[Event "Team 45 45 League T28"]
[Site "Internet Chess Club"]
[Date "2005.10.10"]
[Round "4"]
[White "Quoyle"]
[Black "f5"]
[Result "1-0"]
[WhiteElo "2454"]
[BlackElo "2318"]
[TimeControl "2700+45"]

1. d4 f5 2. Bg5 h6 3. Bh4 g5 4. e3 Nf6 5. Bg3 Bg7 6. h4 g4 7. Ne2 d6 8. Nbc3 O-O
9. Nf4 Qe8 10. h5 Qf7 11. Qd2 c6 12. Bd3 Na6 13. a3 Nc7 14. f3 Re8 15. O-O-O e5
16. dxe5 dxe5 17. Ng6 Nxh5 18. Rxh5 Qxg6 19. fxg4 Qxg4 20. Rh3 Be6 21. Be2 Qg5
22. Bh4 Qxg2 23. Rg3 Qh2 24. Rdg1 Qxh4 25. Rxg7+ Kh8 26. Rxc7 Rad8 27. Qe1 Qxe1+
28. Rxe1 Rd7 29. Rxd7 Bxd7 30. Bc4 Be6 31. Bxe6 Rxe6 32. Rf1 {Black resigns} 1-0

[Event "Team 45 45 League T28"]
[Site "Internet Chess Club"]
[Date "2005.10.09"]
[Round "4"]
[White "jorobo"]
[Black "Kolibri"]
[Result "1/2-1/2"]
[WhiteElo "2204"]
[BlackElo "2075"]
[TimeControl "2700+45"]

1. c4 Nf6 2. Nc3 c5 3. Nf3 Nc6 4. d4 cxd4 5. Nxd4 g6 6. g3 Bg7 7. Bg2 O-O 8. O-O
Qb6 9. Nc2 d6 10. b3 Rd8 11. Be3 Qa5 12. Nd5 Nxd5 13. cxd5 Ne5 14. Bd4 Ng4 15.
h3 Nf6 16. e4 Bd7 17. Qe1 Qxe1 18. Rfxe1 Rac8 19. Rac1 Nh5 20. Bxg7 Kxg7 21. Nd4
a6 22. Kf1 Rxc1 23. Rxc1 Rc8 24. Rxc8 Bxc8 25. Ke2 e6 26. dxe6 fxe6 27. Kd3 e5
28. Nc2 Be6 29. Ne3 Kf7 30. Kc3 Ke7 31. Bf1 Nf6 32. f3 d5 33. exd5 Nxd5+ 34.
Nxd5+ Bxd5 35. Be2 {Game drawn by mutual agreement} 1/2-1/2

[Event "Team 45 45 League T28"]
[Site "Internet Chess Club"]
[Date "2005.10.07"]
[Round "4"]
[White "Amauta"]
[Black "Knight77"]
[Result "1-0"]
[WhiteElo "1962"]
[BlackElo "1866"]
[TimeControl "2700+45"]

1. e4 c5 2. Nf3 d6 3. d4 cxd4 4. Nxd4 Nf6 5. Nc3 g6 6. f3 Bg7 7. Be3 O-O 8. Qd2
Nc6 9. Nxc6 bxc6 10. O-O-O Be6 11. Bh6 Qa5 12. Bxg7 Kxg7 13. Kb1 Rab8 14. b3 Rb4
15. g4 Rfb8 16. Kb2 Qb6 17. h4 h5 18. gxh5 Nxh5 19. Bh3 Nf4 20. Bxe6 Nxe6 21. h5
Rd4 22. Qg2 Rxd1 23. Rxd1 Nf4 24. Qg5 Qe3 25. Qxe7 Nxh5 26. Qxd6 Rb6 27. Qe5+
Nf6 28. f4 Qf3 29. Rd6 c5 30. Rxf6 Rxf6 31. Nd5 Qf2 32. Nxf6 Qd4+ 33. Qxd4 cxd4
34. e5 g5 35. f5 {Black resigns} 1-0

[Event "Team 45 45 League T28"]
[Site "Internet Chess Club"]
[Date "2005.10.08"]
[Round "4"]
[White "vutru"]
[Black "Michael-player"]
[Result "0-1"]
[WhiteElo "2235"]
[BlackElo "2341"]
[TimeControl "2700+45"]

1. d4 e6 2. c4 d5 3. Nc3 Nf6 4. cxd5 exd5 5. Bg5 Be7 6. e3 c6 7. Qc2 Nbd7 8. Bd3
O-O 9. Nge2 Re8 10. O-O Nf8 11. f3 Nh5 12. Bxe7 Rxe7 13. e4 dxe4 14. fxe4 Ne6
15. d5 Nc5 16. Rad1 Qb6 17. Kh1 Bg4 18. Bc4 Nf6 19. Rxf6 gxf6 20. Rf1 Nd7 21.
Ng3 Ree8 22. h3 Qe3 23. Kh2 Ne5 24. Bb3 Qh6 25. Kg1 Bd7 26. Qe2 Rad8 27. Nf5
Bxf5 28. Rxf5 Kh8 29. Qf2 Rg8 30. Rxf6 Rxg2+ 31. Kxg2 Rg8+ 32. Kh1 Qxh3+ 33. Qh2
Nf3 {White resigns} 0-1

[Event "Team 45 45 League T28"]
[Site "Internet Chess Club"]
[Date "2005.10.09"]
[Round "4"]
[White "NFork"]
[Black "MrPetrov"]
[Result "1-0"]
[WhiteElo "2265"]
[BlackElo "2257"]
[TimeControl "2700+45"]

1. e4 c6 2. d4 d5 3. e5 Bf5 4. h4 h5 5. c4 e6 6. Nc3 Ne7 7. Bg5 dxc4 8. Bxc4 Nd7
9. Nge2 f6 10. exf6 gxf6 11. Be3 Nb6 12. Bb3 Nbd5 13. Qd2 Nxe3 14. Qxe3 Bh6 15.
Qf3 Bg4 16. Qxf6 Kd7 17. f3 Bf5 18. Ng3 Qa5 19. Nxf5 Qxf5 20. Ne4 b6 21. Rd1
Raf8 22. Qe5 Bf4 23. Qxf5 Nxf5 24. Rd3 Rhg8 25. Kf2 Ng3 26. Re1 Rg6 27. Ng5 Bxg5
28. hxg5 Nf5 29. f4 Ng7 30. Rf3 Nf5 31. Bc2 Rgg8 32. Bxf5 Rxf5 33. Rh1 Rgf8 34.
Ke3 Ra5 35. a3 Rb5 36. Rf2 Rh8 37. g4 h4 38. Rfh2 h3 39. b4 a5 40. Rxh3 Rxh3+
41. Rxh3 axb4 42. axb4 Rxb4 43. Rh7+ Ke8 44. f5 exf5 45. gxf5 c5 46. dxc5 bxc5
47. Rc7 Rg4 48. g6 c4 49. Kf3 Rd4 50. g7 Rd3+ 51. Kf4 {Black resigns} 1-0

[Event "Team 45 45 League T28"]
[Site "Internet Chess Club"]
[Date "2005.10.11"]
[Round "4"]
[White "ScoutKnight"]
[Black "Nomad"]
[Result "1-0"]
[WhiteElo "2033"]
[BlackElo "1950"]
[TimeControl "2700+45"]

1. e4 c5 2. Nc3 Nc6 3. g3 g6 4. Bg2 Bg7 5. Nge2 d6 6. d3 e6 7. O-O Nge7 8. Be3
Nd4 9. Qd2 O-O 10. Rac1 Rb8 11. Bh6 b5 12. Bxg7 Kxg7 13. f4 f5 14. Nxd4 cxd4 15.
Ne2 Qb6 16. Kh1 b4 17. c3 dxc3 18. bxc3 b3 19. Rb1 b2 20. c4 Bd7 21. Nc3 Rb7 22.
exf5 Bc6 23. fxe6 Nf5 24. Bxc6 Qxc6+ 25. Nd5 Re8 26. Rfe1 Rbe7 27. Qxb2+ Kh6 28.
Qf6 Qa8 29. g4 Rf8 30. g5+ Kh5 31. Qb2 Rfe8 32. Qe2+ Kh4 33. Qf2+ Kh5 34. Rg1
{Black resigns} 1-0

[Event "Team 45 45 League T28"]
[Site "Internet Chess Club"]
[Date "2005.10.08"]
[Round "4"]
[White "mickeys"]
[Black "DynamoKyiv"]
[Result "1-0"]
[WhiteElo "1702"]
[BlackElo "1540"]
[TimeControl "2700+45"]

1. d4 f5 2. Nf3 Nf6 3. c4 g6 4. Nc3 Bg7 5. b3 O-O 6. Bb2 d6 7. Qc2 Qe8 8. e4
fxe4 9. Nxe4 Bf5 10. Bd3 Nbd7 11. O-O Rd8 12. Nxf6+ Rxf6 13. Rae1 Rf8 14. Ng5 c5
15. Bxf5 Rxf5 16. Ne6 Rc8 17. Nxg7 Kxg7 18. Qe4 Kf8 19. Qxb7 Ra8 20. Re2 Rf7 21.
Qe4 a5 22. d5 a4 23. Qd3 Qb8 24. Qc3 Nf6 25. g4 Qc8 26. Re6 axb3 27. axb3 Ke8
28. h3 Qb7 29. Qe3 Kd7 30. Re1 Ng8 31. Ra1 Raf8 32. Rf1 Rf3 33. Qe2 Rxb3 34. Bc1
Rxh3 35. Bg5 Ke8 36. Rxd6 Qc8 37. Re6 Qc7 38. d6 Qd7 39. Re1 Rf7 40. Bxe7 Nxe7
41. Rxe7+ Rxe7 42. Qxe7+ Qxe7 43. Rxe7+ Kd8 44. Rc7 h5 45. gxh5 Rxh5 46. Kg2 Rf5
47. Kg3 Rf6 48. Rxc5 Rxd6 49. Rd5 Kd7 50. Kf4 Ke6 51. Rxd6+ Kxd6 52. Kg5 Kc5 53.
Kxg6 Kxc4 54. f4 Kd4 55. f5 Ke5 56. f6 Ke6 57. Kg7 {Black resigns} 1-0

[Event "Team 45 45 League T28"]
[Site "Internet Chess Club"]
[Date "2005.10.08"]
[Round "4"]
[White "SeniorCitizen"]
[Black "batttoman"]
[Result "0-1"]
[WhiteElo "1499"]
[BlackElo "1516"]
[TimeControl "2700+45"]

1. e4 c5 2. Nf3 d6 3. d4 cxd4 4. Nxd4 Nf6 5. Nc3 e6 6. Be3 a6 7. Bd3 Nc6 8. a3
Nxd4 9. Bxd4 Be7 10. O-O b5 11. e5 dxe5 12. Bxe5 Bb7 13. Qe2 Qb6 14. Ne4 O-O-O
15. Nxf6 gxf6 16. Bg3 h5 17. h3 h4 18. Bh2 f5 19. Bf4 Rdg8 20. Be3 Rxg2+ 21. Kh1
Rxf2+ 22. Kg1 Rg2+ 23. Kh1 Rxe2+ {White resigns} 0-1

[Event "Team 45 45 League T28"]
[Site "Internet Chess Club"]
[Date "2005.10.09"]
[Round "4"]
[White "mal57"]
[Black "AAWegerif"]
[Result "1-0"]
[WhiteElo "1507"]
[BlackElo "1475"]
[TimeControl "2700+45"]

1. e4 e5 2. Nc3 c6 3. Nf3 d6 4. d4 exd4 5. Nxd4 g6 6. Bc4 Bg7 7. Qf3 Nf6 8. Bg5
O-O 9. O-O Nbd7 10. Rad1 Ne5 11. Qe2 Bg4 12. f3 Bd7 13. Nb3 Qc7 14. f4 Bg4 15.
Qd2 Bxd1 16. fxe5 Ng4 17. exd6 Bxc3 18. bxc3 Qb6+ 19. Nd4 Ne5 20. Bf6 Nd7 21. e5
Nxe5 22. Qh6 {Black resigns} 1-0

[Event "Team 45 45 League T28"]
[Site "Internet Chess Club"]
[Date "2005.10.07"]
[Round "4"]
[White "isolani"]
[Black "mike0897"]
[Result "0-1"]
[WhiteElo "1450"]
[BlackElo "1715"]
[TimeControl "2700+45"]

1. d4 Nf6 2. Nf3 d6 3. c4 g6 4. Nc3 Bg7 5. e4 O-O 6. Be2 Bd7 7. h3 Na6 8. e5
dxe5 9. dxe5 Ne8 10. O-O c6 11. Be3 Qc7 12. Bf4 Rd8 13. Qc1 Bf5 14. Bh6 Qb6 15.
Be3 Qa5 16. Bh6 Nb4 17. Rd1 Rxd1+ 18. Qxd1 Bxh6 19. Nh4 {White resigns} 0-1

[Event "Team 45 45 League T28"]
[Site "Internet Chess Club"]
[Date "2005.10.09"]
[Round "4"]
[White "Chessnut"]
[Black "GhostMate"]
[Result "1-0"]
[WhiteElo "1782"]
[BlackElo "1642"]
[TimeControl "2700+45"]

1. e4 e5 2. Nf3 d6 3. d4 f5 4. dxe5 fxe4 5. Ng5 d5 6. e6 Nf6 7. Nf7 Qe7 8. Nxh8
Bxe6 9. Be2 Nc6 10. Bh5+ Kd7 11. c3 Ne5 12. Be2 Nfg4 13. O-O Qh4 14. h3 Nf6 15.
f4 Bc5+ 16. Kh1 Bxh3 17. Qe1 Bxg2+ 18. Kxg2 Nf3 19. Qxh4 Nxh4+ 20. Kh3 Nf5 21.
Nf7 Nh5 {Black resigns} 1-0

[Event "Team 45 45 League T28"]
[Site "Internet Chess Club"]
[Date "2005.10.11"]
[Round "4"]
[White "chicopee-ed"]
[Black "MrShaw"]
[Result "1-0"]
[WhiteElo "1540"]
[BlackElo "1701"]
[TimeControl "2700+45"]

1. d4 Nf6 2. Nf3 g6 3. Nc3 Bg7 4. e4 d6 5. Be3 O-O 6. Qd2 Ng4 7. Bg5 h6 8. Bh4
Nd7 9. h3 Ngf6 10. Bc4 e5 11. dxe5 Nxe5 12. Nxe5 dxe5 13. O-O-O Qxd2+ 14. Rxd2
g5 15. Bg3 Nh5 16. Rhd1 Re8 17. Rd8 Be6 18. Rxa8 Rxa8 19. Bxe6 fxe6 20. Rd7 Nf4
21. Bxf4 exf4 22. f3 Bxc3 23. bxc3 a5 24. Rxc7 Ra6 25. Rxb7 Rc6 26. Ra7 Rxc3 27.
Rxa5 Kf7 28. Ra7+ Kf6 29. Kd2 Rc5 30. a4 Rc6 31. a5 Ke5 32. a6 Kd4 33. Rd7+ Kc5
34. a7 Ra6 35. Re7 Kd4 36. Rxe6 Rxa7 37. Rxh6 Ra5 38. Rd6+ {Black resigns} 1-0

[Event "Team 45 45 League T28"]
[Site "Internet Chess Club"]
[Date "2005.10.10"]
[Round "4"]
[White "jacknor"]
[Black "Pawndemonium"]
[Result "1-0"]
[WhiteElo "1597"]
[BlackElo "1495"]
[TimeControl "2700+45"]

1. Nf3 c5 2. c4 Nc6 3. g3 g6 4. Bg2 Bg7 5. Nc3 e6 6. O-O Nge7 7. e3 O-O 8. d4
cxd4 9. exd4 b6 10. Bg5 h6 11. Be3 d5 12. cxd5 Nxd5 13. Nxd5 Qxd5 14. Ne5 Qd6
15. Nxc6 Bb7 16. Ne5 Bxg2 17. Kxg2 Bxe5 18. dxe5 Qxe5 19. Bxh6 Rfd8 20. Qb3 Rd2
21. Qc3 Qxc3 22. bxc3 Rc2 23. Rfc1 Rb2 24. Be3 Rd8 25. c4 Rc8 26. c5 bxc5 27.
Rxc5 Rcb8 28. Ra5 {Black resigns} 1-0

[Event "Team 45 45 League T28"]
[Site "Internet Chess Club"]
[Date "2005.10.08"]
[Round "4"]
[White "Bowlomeat"]
[Black "EyeAm"]
[Result "1-0"]
[WhiteElo "1575"]
[BlackElo "1389"]
[TimeControl "2700+45"]

1. e4 e5 2. Nf3 Nf6 3. Nxe5 d6 4. Nf3 Nxe4 5. d3 Nf6 6. Bg5 Be7 7. Be2 O-O 8.
Nc3 c6 9. Qd2 Be6 10. O-O Nbd7 11. Rfe1 Re8 12. Nd4 Nf8 13. Bf3 Bd7 14. Re2 c5
15. Ndb5 Rb8 16. Bxf6 Bxb5 17. Bxe7 Rxe7 18. Rxe7 Qxe7 19. Nxb5 a6 20. Nc3 b5
21. h3 Qh4 22. Re1 Ne6 23. Re4 Qg5 24. Qxg5 Nxg5 25. Re7 Nxf3+ 26. gxf3 Kf8 27.
Rd7 Rb6 28. Ne4 Ke8 29. Rxd6 Rxd6 30. Nxd6+ Ke7 31. Ne4 c4 32. dxc4 bxc4 33. c3
h6 34. Nd2 Ke6 35. Nxc4 Kd5 36. b3 Kc5 37. Kg2 f6 38. Kg3 Kb5 39. Kg4 a5 40. a4+
{Black resigns} 1-0

[Event "Team 45 45 League T28"]
[Site "Internet Chess Club"]
[Date "2005.10.09"]
[Round "4"]
[White "Nelsi"]
[Black "miam-miam"]
[Result "1/2-1/2"]
[WhiteElo "2042"]
[BlackElo "1990"]
[TimeControl "2700+45"]

1. e4 c5 2. Nf3 d6 3. Bb5+ Bd7 4. Bxd7+ Qxd7 5. O-O Nf6 6. Re1 Nc6 7. b3 g6 8.
Bb2 Bg7 9. d4 cxd4 10. Nxd4 O-O 11. c4 Nxd4 12. Bxd4 Ne8 13. Nc3 Rc8 14. Re3
Bxd4 15. Qxd4 b6 16. Rh3 Ng7 17. Rd1 Ne6 18. Qe3 f6 19. f4 Qc6 20. Kh1 Rf7 21.
f5 Nf8 22. Qh6 Rg7 23. Nd5 b5 24. fxg6 Nxg6 25. Rg3 Rf8 26. Rdd3 bxc4 27. Rc3
Rff7 28. Rxc4 Qd7 29. Rc7 Qe6 30. Rc4 {Game drawn by mutual agreement} 1/2-1/2 
rjml(71): y del Hermitage